[Event "*** Titled Tuesday Blitz"]
[Site "Chess.com"]
[Date "2021.03.30"]
[Round "4"]
[White "esrosenberg"]
[Black "Chopper1905"]
[Result "0-1"]
[WhiteElo "2215"]
[BlackElo "2914"]
[TimeControl "180+1"]
[EndTime "10:37:18 PDT"]
[Termination "Chopper1905 won by resignation"]

1. Nf3 c5 2. b4 cxb4 3. a3 bxa3 4. c4 Nf6 5. Nc3 Nc6 6. Bxa3 d6 7. g3 g6 8. Bg2 Bg7 9. O-O O-O 10. d4 Bf5 11. d5 Na5 12. c5 Nc4 13. Bb4 a5 14. Ba3 Nxa3 15. Rxa3 dxc5 16. Nh4 Bd7 17. e4 b5 18. e5 b4 19. exf6 Bxf6 20. Ne4 bxa3 21. Nxf6+ exf6 22. d6 Ra6 23. Qa1 Bb5 24. Rd1 Rxd6 25. Rxd6 Qxd6 26. Qxa3 Qd1+ 0-1

[Event "*** Titled Tuesday Blitz"]
[Site "Chess.com"]
[Date "2021.03.30"]
[Round "4"]
[White "Kislov_Oleg"]
[Black "GMJustin"]
[Result "1-0"]
[WhiteElo "2479"]
[BlackElo "2299"]
[TimeControl "180+1"]
[EndTime "10:37:20 PDT"]
[Termination "Kislov_Oleg won on time"]

1. e4 c6 2. d4 d5 3. Nc3 dxe4 4. Nxe4 Nf6 5. Nxf6+ exf6 6. c3 Bd6 7. Bd3 O-O 8.
Qc2 Re8+ 9. Ne2 h5 10. Be3 h4 11.
h3 Nd7 12. O-O-O a5 13. Rde1 a4 14. g3 b5 15. gxh4 b4 16. Rhg1 a3 17. Bc4 axb2+ 18.
Kb1 Nf8 19. Bh6 g5 20. hxg5 1-0

[Event "*** Titled Tuesday Blitz"]
[Site "Chess.com"]
[Date "2021.03.30"]
[Round "4"]
[White "GMHess"]
[Black "bsnsun"]
[Result "0-1"]
[WhiteElo "2755"]
[BlackElo "2481"]
[TimeControl "180+1"]
[EndTime "10:37:23 PDT"]
[Termination "bsnsun won by resignation"]

1. b3 e5 2. Bb2 Nc6 3. e3 Nf6 4.
h3 d5 5. d3 Bd6 6. Nd2 Qe7 7.
Ne2 Bf5 8. a3 h6 9. g4 Bg6 10. Bg2 e4 11. d4 Nd8 12. c4 c6 13.
b4 a5 14. c5 Bc7 15. Qb3 axb4 16. axb4 Rxa1+ 17. Bxa1 O-O 18. b5 Nd7 19. Rf1 Kh7 20. f4 exf3 21. Rxf3 Re8 22. Kf2 Qh4+ 23. Kf1 Nf6 24.
Nf4 Be4 25. Nxe4 Nxe4 26. Qc2 Kg8 27. Bb2 Ng3+ 28. Kg1 Bxf4 29. exf4 Ne2+ 30. Kh2 Qe1 31. Rf1 Qg3+ 32. Kh1 Nxf4 33. Bc1 Nxh3 34. Rf3 Re1+ 0-1

[Event "*** Titled Tuesday Blitz"]
[Site "Chess.com"]
[Date "2021.03.30"]
[Round "4"]
[White "abykhovsky"]
[Black "Yaryi_sergey"]
[Result "1-0"]
[WhiteElo "2721"]
[BlackElo "2507"]
[TimeControl "180+1"]
[EndTime "10:37:24 PDT"]
[Termination "abykhovsky won by resignation"]

1. d4 Nf6 2. Nf3 g6 3. c4 Bg7 4. Nc3 d5 5. Bg5 c6 6. e3 Ne4 7. Bh4 Qa5 8. Qb3 Nd7 9. cxd5 Nxc3 10. Qxc3 Qxc3+ 11. bxc3 cxd5 12. c4 dxc4 13. Bxc4 Bf6 14. Bg3 Nb6 15. Bd3 Bf5 16. e4 Bg4 17. Ne5 Bxe5 18. Bxe5 f6 19. Bf4 Rc8 20. f3 Bd7 21.
Ke2 Kf7 22. Rhc1 Na4 23. Rxc8 Rxc8 24. Rc1 Nc3+ 25. Kd2 Nxa2 26. Rxc8 Bxc8 27. Bc4+ e6 28. Bxa2 b5 29. Bc7 a6 30. Kc3 Ke7 31. Kb4 Kd7 32. Ba5 Kc6 33. Bd8 f5 34. Bf6 Kb6 35.
Bd8+ Kc6 36. Be7 Kb7 37. Kc5 Kc7 38. Bh4 Kd7 39. Bg3 g5 40. Be5 h5 41. exf5 exf5 42. Bf7 h4 43. Bf6 h3 44. gxh3 Bb7 45. d5 1-0

[Event "*** Titled Tuesday Blitz"]
[Site "Chess.com"]
[Date "2021.03.30"]
[Round "4"]
[White "DenLaz"]
[Black "I_Enchev"]
[Result "1-0"]
[WhiteElo "2836"]
[BlackElo "2535"]
[TimeControl "180+1"]
[EndTime "10:37:27 PDT"]
[Termination "DenLaz won by resignation"]

1. d4 Nf6 2. c4 e6 3. Nf3 d5 4. Nc3 a6 5. cxd5 exd5 6. Bg5 Be6 7. e3 Nbd7 8. Bd3 Bd6 9. O-O O-O 10. h3 h6 11. Bf4 Qe7 12. Bxd6 Qxd6 13. Qc2 c5 14. dxc5 Nxc5 15. Nd4 b5 16. Rfc1 Rfc8 17. Qd1 Rab8 18. Nce2 Nfe4 19. Nf4 Rc7 20. Bxe4 dxe4 21. b4 Nd3 22. Rxc7 Qxc7 23. Nxd3 exd3 24. Qxd3 Bc4 25. Qe4 a5 26. Nc6 Rb6 27. Nxa5 Re6 28. Qa8+ Kh7 29.
Rc1 f5 30. Qf3 Rf6 31. a4 f4 32. axb5 1-0

[Event "*** Titled Tuesday Blitz"]
[Site "Chess.com"]
[Date "2021.03.30"]
[Round "4"]
[White "gvanna"]
[Black "chessmadara"]
[Result "1-0"]
[WhiteElo "2413"]
[BlackElo "2204"]
[TimeControl "180+1"]
[EndTime "10:37:27 PDT"]
[Termination "gvanna won by resignation"]

1. e4 c5 2. Nf3 d6 3. d4 cxd4 4.
Nxd4 Nf6 5. Nc3 g6 6. Be2 Bg7 7. Be3 Nc6 8. Nb3 O-O 9. f4 Be6 10. g4 Na5 11. f5 Bd7 12. g5 Ne8 13. Qd2 Rc8 14. h4 Nc4 15. Bxc4 Rxc4 16. Qd3 Qc8 17. Bd4 e5 18. Nd5 Kh8 19. f6 exd4 20. fxg7+ Nxg7 21.
Nxd4 Be6 22. O-O-O Qc5 23. Nf6 b5 24. Kb1 Nh5 25.
Nxh5 gxh5 26. Rhf1 Ra4 27. Nxe6 fxe6 28. Rxf8+ 1-0

[Event "*** Titled Tuesday Blitz"]
[Site "Chess.com"]
[Date "2021.03.30"]
[Round "4"]
[White "tteshan"]
[Black "TheCairnTerrier"]
[Result "1-0"]
[WhiteElo "2339"]
[BlackElo "2122"]
[TimeControl "180+1"]
[EndTime "10:37:29 PDT"]
[Termination "tteshan won by resignation"]

1. d4 Nf6 2. c4 g6 3. Nc3 Bg7 4. e4 d6 5. Be2 O-O 6. Bg5 h6 7. Be3 Nbd7 8. Qd2 Kh7 9. g4 c5 10. d5 Ne5 11. g5 Nfg4 12. gxh6 Bxh6 13. Bxh6 Nxh6 14. h4 f6 15. f4 Neg4 16. h5 f5 17.
hxg6+ Kxg6 18. Nf3 e6 19. dxe6 Bxe6 20. exf5+ Bxf5 21. Nh4+ Kg7 22. Nxf5+ Rxf5 23. O-O-O Qf6 24. Rdg1 Qg6 25. Rxh6 Qxh6 26. Bxg4 Rf6 27. Bf3+ Rg6 28. Rh1 1-0

[Event "*** Titled Tuesday Blitz"]
[Site "Chess.com"]
[Date "2021.03.30"]
[Round "4"]
[White "Gentlejimmy7"]
[Black "Iskusnyh"]
[Result "1-0"]
[WhiteElo "2500"]
[BlackElo "2626"]
[TimeControl "180+1"]
[EndTime "10:37:30 PDT"]
[Termination "Gentlejimmy7 won on time"]

1. d4 d5 2. g3 Nf6 3. Bg2 c6 4. Nf3 Bf5 5. c4 e6 6. Qb3 Qb6 7. c5 Qa6 8. Bf1 Be4 9. Nc3 b6 10. e3 Qb7 11. Nxe4 Nxe4 12. cxb6 axb6 13. Bd3 Nf6 14.
O-O Bd6 15. a4 O-O 16. Bd2 Nbd7 17. a5 Rfb8 18. a6 Qa7 19. Rfc1 Rc8 20. Qa4 Nb8 21. b4 b5 22. Bxb5 Qb6 23. Be2 Rc7 24. b5 cxb5 25.
Qxb5 Qxb5 26. Bxb5 Rxc1+ 27. Rxc1 Nxa6 28. Bxa6 Rxa6 29.
Rc8+ Bf8 30. Bb4 Nd7 31. Ne5 Ra1+ 32. Kg2 Rc1 33. Rxc1 1-0

[Event "*** Titled Tuesday Blitz"]
[Site "Chess.com"]
[Date "2021.03.30"]
[Round "4"]
[White "wonderfultime"]
[Black "Aleksey_Sorokin"]
[Result "1-0"]
[WhiteElo "2991"]
[BlackElo "2759"]
[TimeControl "180+1"]
[EndTime "10:37:33 PDT"]
[Termination "wonderfultime won by resignation"]

1. d4 Nf6 2. Nf3 g6 3. Bg5 Bg7 4. Nbd2 O-O 5. c3 b6 6. e4 Bb7 7. Bd3 d5 8. e5 Ne4 9. Bh4 f5 10. exf6 exf6 11. O-O g5 12. Bg3 Nd7 13. c4 f5 14. Be5 Nxe5 15. Nxe5 c5 16. cxd5 cxd4 17. Nc6 Bxc6 18. dxc6 Nc5 19. Bc4+ Kh8 20. b4 Ne4 21. Re1 d3 22. Rc1 Nxf2 23. Kxf2 Bd4+ 24. Kf1 g4 25. Nb3 Qh4 26. Nxd4 Qxh2 27. Qxd3 Rad8 28. Qc3 Qh1+ 29. Kf2 g3+ 30. Qxg3 1-0

[Event "*** Titled Tuesday Blitz"]
[Site "Chess.com"]
[Date "2021.03.30"]
[Round "4"]
[White "sergeikim"]
[Black "Witik"]
[Result "1/2-1/2"]
[WhiteElo "2510"]
[BlackElo "2706"]
[TimeControl "180+1"]
[EndTime "10:37:34 PDT"]
[Termination "Game drawn by repetition"]

1. d4 d5 2. c4 e6 3. Nc3 c6 4. e3 Bd6 5. Bd3 f5 6. Nf3 Nf6 7. Ne5 O-O 8. f4 b6 9. O-O Bb7 10.
cxd5 cxd5 11. Bd2 Ne4 12. Be1 Nd7 13. Rc1 a6 14. Nxe4 fxe4 15. Be2 Nxe5 16. fxe5 Rxf1+ 17. Bxf1 Be7 18. Qg4 Qd7 19. Bh4 Rf8 20. Bxe7 Qxe7 21.
Be2 Rc8 22. Rxc8+ Bxc8 23. a3 a5 24. h3 Bd7 25. Kh2 Qf8 26. Qf4 Qc8 27. Qg5 Qf8 28. Qf4 Qc8 29. Qg5 Qf8 30. Qf4 1/2-1/2

[Event "*** Titled Tuesday Blitz"]
[Site "Chess.com"]
[Date "2021.03.30"]
[Round "4"]
[White "FMJoseHerrera"]
[Black "steka121"]
[Result "0-1"]
[WhiteElo "2540"]
[BlackElo "2387"]
[TimeControl "180+1"]
[EndTime "10:37:35 PDT"]
[Termination "steka121 won by resignation"]

1. Nf3 e6 2. g3 b5 3. Bg2 Bb7 4. O-O Be7 5. d3 Nf6 6. a4 b4 7.
c4 bxc3 8. bxc3 O-O 9. Ba3 Bxa3 10. Nxa3 d5 11. Qc2 c5 12. Rfb1 Qc8 13. Nb5 Rd8 14. c4 Nc6 15. cxd5 Nb4 16. Rxb4 cxb4 17. Qxc8 Raxc8 18. dxe6 fxe6 19. Nxa7 Rc2 20. Nb5 Bxf3 21. Bxf3 b3 22.
Rb1 b2 23. Kg2 Rb8 24. e4 h5 25. d4 Ng4 26. Bxg4 hxg4 27. d5 Rf8 28. d6 Rfxf2+ 29. Kg1 Rg2+ 30. Kh1 Rxh2+ 31. Kg1 Rcg2+ 32. Kf1 Rh1+ 33. Kxg2 Rxb1 34. Nc3 Rd1 0-1

[Event "*** Titled Tuesday Blitz"]
[Site "Chess.com"]
[Date "2021.03.30"]
[Round "4"]
[White "oogee"]
[Black "HouseOfDurin"]
[Result "1-0"]
[WhiteElo "2370"]
[BlackElo "2149"]
[TimeControl "180+1"]
[EndTime "10:37:35 PDT"]
[Termination "oogee won by checkmate"]

1. d4 Nf6 2. c4 c5 3. d5 b5 4.
cxb5 a6 5. bxa6 Bxa6 6. Nc3 d6 7.
g3 g6 8. Bg2 Bg7 9. Nf3 O-O 10.
Rb1 Nbd7 11. O-O Ra7 12. Qc2 Qa8 13. Rd1 Rb8 14. b3 Ng4 15. a4 Rab7 16. Nd2 Bxc3 17. Qxc3 Bxe2 18. Re1 Ba6 19. Rxe7 Nde5 20. Rxb7 Qxb7 21.
Bb2 Qb4 22. f4 Qxc3 23. Bxc3 Nd3 24. Ne4 c4 25. h3 Ne3 26. Nf6+ Kf8 27. Nd7+ Ke7 28. Nxb8 Nxg2 29. Kxg2 Bb7 30. bxc4 Nc5 31. Ba5 Ba6 32. Nxa6 Nxa6 33. Rb7+ Ke8 34. Bc3 Nc5 35.
Ra7 h5 36. Kf3 Nd7 37. g4 hxg4+ 38. hxg4 Nb6 39. Bf6 Nxc4 40. Re7+ Kf8 41. Rd7 Ke8 42.
Rd8# 1-0

[Event "*** Titled Tuesday Blitz"]
[Site "Chess.com"]
[Date "2021.03.30"]
[Round "4"]
[White "fyall777"]
[Black "deribas12345"]
[Result "0-1"]
[WhiteElo "2383"]
[BlackElo "2597"]
[TimeControl "180+1"]
[EndTime "10:37:36 PDT"]
[Termination "deribas12345 won by resignation"]

1. d4 Nf6 2. Bg5 c5 3. Bxf6 exf6 4. d5 f5 5. Nc3 d6 6. g3 g6 7. Bg2 Bg7 8. Qd2 O-O 9. e3 a6 10. a4 Nd7 11. Nge2 Rb8 12. a5 Ne5 13. b3 Re8 14.
O-O Bd7 15. h3 Bc8 16. Na4 h5 17. Rad1 h4 18. f4 Nd7 19. g4 fxg4 20. hxg4 Nf6 21.
g5 Ne4 22. Qe1 h3 23. Bf3 Bf5 24. Nb6 Nxg5 25. fxg5 Rxe3 26. Qh4 Bxc2 27. Rde1 Re5 28.
Kh1 Rxg5 29. Rg1 Rxg1+ 30. Nxg1 Qxh4 0-1

[Event "*** Titled Tuesday Blitz"]
[Site "Chess.com"]
[Date "2021.03.30"]
[Round "4"]
[White "LEGENYA1998"]
[Black "AthanasiusLefebvre"]
[Result "1-0"]
[WhiteElo "2257"]
[BlackElo "2001"]
[TimeControl "180+1"]
[EndTime "10:37:39 PDT"]
[Termination "LEGENYA1998 won on time"]

1. e4 c5 2. Nf3 e6 3. b3 Nc6 4. Bb2 d6 5. Bb5 Bd7 6. O-O Nge7 7. d4 cxd4 8. Nxd4 Nxd4 9. Bxd7+ Qxd7 10. Qxd4 Nc6 11.
Qe3 Nb4 12. Qe2 d5 13. a3 Nc6 14. Rd1 d4 15. Nd2 e5 16. b4 a6 17. Nb3 b6 18. c3 Be7 19. cxd4 exd4 20. Nxd4 Nxd4 21.
Bxd4 Qe6 22. Bxg7 Rg8 23. Bd4 Rd8 24. g3 b5 25. Bc3 h5 26. Rxd8+ Bxd8 27. Rd1 h4 28. e5 hxg3 29. hxg3 Bb6 30. Bd4 Bxd4 31. Rxd4 Qb6 32. Qd3 Rg6 33. Rd6 Rxd6 34. exd6 Kd7 35. Qf5+ Ke8 36. Qf6 1-0

[Event "*** Titled Tuesday Blitz"]
[Site "Chess.com"]
[Date "2021.03.30"]
[Round "4"]
[White "besarquis"]
[Black "retropwr"]
[Result "0-1"]
[WhiteElo "2251"]
[BlackElo "2438"]
[TimeControl "180+1"]
[EndTime "10:37:42 PDT"]
[Termination "retropwr won by resignation"]

1. e4 d6 2. d4 Nf6 3. Nc3 e5 4. Nf3 exd4 5. Nxd4 Be7 6. Bd3 O-O 7. O-O Nc6 8. Nf5 Bxf5 9. exf5 Ne5 10. Be2 c6 11.
Bg5 h6 12. Bh4 d5 13. f4 Nc4 14. Bxc4 dxc4 15. Qe2 Re8 16. Qxc4 Ng4 17. Bxe7 Rxe7 18.
f6 gxf6 19. Qc5 b6 20. Qa3 Qd4+ 21. Kh1 Rae8 22. h3 Nf2+ 23. Kh2 Qxf4+ 24. Kg1 Nxh3+ 25. gxh3 Qg3+ 26. Kh1 Qxh3+ 27. Kg1 Qg3+ 28. Kh1 Re5 0-1

[Event "*** Titled Tuesday Blitz"]
[Site "Chess.com"]
[Date "2021.03.30"]
[Round "4"]
[White "erdni1993"]
[Black "alexrustemov"]
[Result "0-1"]
[WhiteElo "2508"]
[BlackElo "2724"]
[TimeControl "180+1"]
[EndTime "10:37:48 PDT"]
[Termination "alexrustemov won by resignation"]

1. e4 e6 2. d4 d5 3. Nd2 c5 4.
exd5 Qxd5 5. dxc5 Bxc5 6. Ngf3 Nf6 7. Bb5+ Bd7 8. Bxd7+ Nbxd7 9. O-O O-O 10. Nb3 Bb6 11.
Qxd5 Nxd5 12. c4 Nb4 13. Bd2 Nd3 14. Bc3 e5 15. Nc1 Nxc1 16. Raxc1 e4 17. Nd4 Ne5 18. b3 Nd3 19. Rc2 f5 20. Ne6 Rf7 21. Bd4 Bxd4 22.
Nxd4 Rd8 23. Nb5 a6 24. Nc3 Rfd7 25. g3 Nb4 26. Re2 Rd3 27. Na4 Rc8 28. a3 Nc6 29.
Nc5 Nd4 30. Rxe4 fxe4 31. Nxd3 exd3 32. Rd1 Nxb3 33. Rxd3 Na5 0-1

[Event "*** Titled Tuesday Blitz"]
[Site "Chess.com"]
[Date "2021.03.30"]
[Round "4"]
[White "Nice_2_M8te_U"]
[Black "Alexander_Zubov"]
[Result "0-1"]
[WhiteElo "2557"]
[BlackElo "2976"]
[TimeControl "180+1"]
[EndTime "10:37:51 PDT"]
[Termination "Alexander_Zubov won by resignation"]

1. d4 Nf6 2. Nc3 d5 3. Bf4 c5 4. e3 cxd4 5. exd4 Bg4 6. Be2 Bxe2 7. Qxe2 Nc6 8. Nf3 e6 9. O-O-O Rc8 10. g4 Nxg4 11. Rhg1 Nf6 12. Ne5 g6 13. Bg5 Be7 14. Kb1 Nd7 15. Bh6 Ncxe5 16. dxe5 Rxc3 17. bxc3 Qb6+ 18. Kc1 Qc7 19. Qe3 Ba3+ 20. Kb1 Bc5 21. Qc1 Nb6 22. Be3 Nc4 23. Bxc5 Qxc5 24. f4 O-O 25. Ka1 Rc8 26. f5 exf5 27. Rge1 Rc6 28. Rd3 Ra6 29. Red1 Qa5 30. Qb1 Rb6 31. Qc1 Nxe5 32. Rxd5 Qxc3+ 0-1

[Event "*** Titled Tuesday Blitz"]
[Site "Chess.com"]
[Date "2021.03.30"]
[Round "4"]
[White "viktorgen2021"]
[Black "bazar-wokzal"]
[Result "0-1"]
[WhiteElo "2330"]
[BlackElo "2576"]
[TimeControl "180+1"]
[EndTime "10:37:51 PDT"]
[Termination "bazar-wokzal won by resignation"]

1. d4 Nf6 2. Nf3 e6 3. g3 b5 4. Bg2 Bb7 5. O-O c5 6. a4 b4 7.
c3 Na6 8. Bg5 Be7 9. dxc5 O-O 10. cxb4 Nxb4 11. Nc3 Bxc5 12. e4 h6 13. Bxf6 Qxf6 14.
e5 Qe7 15. Rc1 Rfc8 16. Nb5 Rab8 17. Nd6 Bxd6 18. exd6 Qf6 19. Rxc8+ Rxc8 20. Nd4 Bxg2 21. Kxg2 Rc4 22. Nb5 a6 23. Nc3 Qd4 24. Qe2 Rc6 25. Rd1 Qc5 26. Qd2 Rb6 27. Kg1 f5 28. h4 Nc6 29. Kg2 Ne5 30. f3 Nc4 31. Qf4 Ne3+ 32. Kh3 Nxd1 33. Nxd1 Qg1 0-1

[Event "*** Titled Tuesday Blitz"]
[Site "Chess.com"]
[Date "2021.03.30"]
[Round "4"]
[White "jacky72"]
[Black "vugarrasulov"]
[Result "0-1"]
[WhiteElo "2706"]
[BlackElo "2870"]
[TimeControl "180+1"]
[EndTime "10:37:53 PDT"]
[Termination "vugarrasulov won by checkmate"]

1. d4 Nf6 2. c4 e6 3. Nf3 b6 4. g3 Bb7 5. Bg2 Be7 6. O-O O-O 7.
Re1 c5 8. d5 exd5 9. cxd5 Bxd5 10. Nc3 Bb7 11. e4 d5 12. exd5 Re8 13. Nh4 Na6 14. Nf5 Bf8 15. Rxe8 Qxe8 16. Bf4 Qd7 17. Ne3 Re8 18. Qb3 Nb4 19. Rd1 Ba6 20. Bg5 Ng4 21. Bh3 f5 22. d6+ Kh8 23. Nxg4 fxg4 24. Bg2 Bd3 25.
Rc1 Bxd6 26. a3 c4 27. Qd1 Nc6 28. Nb5 Ne5 29. Nxd6 Qxd6 30. Bf4 Qd4 31. Qd2 Nf3+ 32.
Bxf3 gxf3 33. Be3 Qd7 34. Qc3 Qh3 35. Bh6 Qg2# 0-1

[Event "*** Titled Tuesday Blitz"]
[Site "Chess.com"]
[Date "2021.03.30"]
[Round "4"]
[White "CraiggoryC"]
[Black "scandalgod"]
[Result "0-1"]
[WhiteElo "2262"]
[BlackElo "2453"]
[TimeControl "180+1"]
[EndTime "10:37:54 PDT"]
[Termination "scandalgod won on time"]

1. e4 e5 2. Nf3 Nc6 3. Bb5 a6 4. Ba4 d6 5. c3 f5 6. exf5 Bxf5 7. O-O Be7 8. d4 e4 9. d5 exf3 10. Qxf3 Bxb1 11. dxc6 b5 12. Bb3 Bg6 13. Re1 Nf6 14.
Bg5 Kf8 15. Re3 h6 16. Rae1 hxg5 17. Rxe7 Qxe7 18. Rxe7 Kxe7 19. Qe3+ Kf8 20. Qxg5 Bf7 21. h3 Re8 22. Bxf7 Kxf7 23. a4 Rh5 24. Qg3 Re1+ 25.
Kh2 Rhe5 26. axb5 axb5 27. Qf4 R1e4 28. Qc1 Re2 29. f4 R5e4 0-1

[Event "*** Titled Tuesday Blitz"]
[Site "Chess.com"]
[Date "2021.03.30"]
[Round "4"]
[White "Khnykin_Nikolay"]
[Black "rugbyclub"]
[Result "0-1"]
[WhiteElo "2033"]
[BlackElo "2272"]
[TimeControl "180+1"]
[EndTime "10:37:55 PDT"]
[Termination "rugbyclub won by resignation"]

1. e4 e6 2. Nf3 d5 3. exd5 exd5 4. d4 Bd6 5. Nc3 c6 6. Be2 Bf5 7. Bg5 Ne7 8. Qd2 Qc7 9. O-O-O f6 10. Be3 Nd7 11. Rdg1 g5 12. g4 Be4 13. h4 O-O-O 14.
hxg5 fxg5 15. Bxg5 Rdf8 16. Bxe7 Bxe7 17. Nxe4 dxe4 18.
Ne5 Nxe5 19. dxe5 Qxe5 20. Rd1 Bg5 21. Kb1 Bxd2 22. Rxd2 Rxf2 23. Rhd1 e3 24. Rd6 Rxe2 25. Rd7 Rd2 26. R7xd2 exd2 27. a3 Qe1 28. Rxe1 dxe1=Q+ 29. Ka2 Qe2 0-1

[Event "*** Titled Tuesday Blitz"]
[Site "Chess.com"]
[Date "2021.03.30"]
[Round "4"]
[White "BilodeauA"]
[Black "anon102030"]
[Result "1-0"]
[WhiteElo "2919"]
[BlackElo "2735"]
[TimeControl "180+1"]
[EndTime "10:37:58 PDT"]
[Termination "BilodeauA won by resignation"]

1. d4 Nf6 2. Nc3 d6 3. e4 g6 4.
f4 Bg7 5. Nf3 O-O 6. Bd3 Nbd7 7.
e5 Ne8 8. Ne4 c5 9. c3 b6 10.
O-O Bb7 11. Qe2 d5 12. Ng3 e6 13. h4 Rc8 14. Bd2 Nc7 15. h5 a6 16. Ng5 b5 17.
Qg4 Qe7 18. Qh3 h6 19. hxg6 fxg6 20. Bxg6 cxd4 21. cxd4 Bxe5 22. fxe5 hxg5 23. Bxg5 Qg7 24. Bd3 Rxf1+ 25. Rxf1 Rf8 26. Rxf8+ Nxf8 27. Bf6 Qd7 28. Qh8+ Kf7 29. Nh5 Qc6 30. Qg7+ 1-0

[Event "*** Titled Tuesday Blitz"]
[Site "Chess.com"]
[Date "2021.03.30"]
[Round "4"]
[White "AldokhinIvan"]
[Black "OlifantCZ"]
[Result "1-0"]
[WhiteElo "2532"]
[BlackElo "2310"]
[TimeControl "180+1"]
[EndTime "10:37:59 PDT"]
[Termination "AldokhinIvan won by resignation"]

1. e4 e6 2. d4 d5 3. Nc3 Bb4 4.
Ne2 dxe4 5. a3 Be7 6. Nxe4 Nf6 7. Nxf6+ Bxf6 8. g3 c5 9. Be3 Nc6 10. dxc5 Bxb2 11. Qxd8+ Kxd8 12. Rb1 Bf6 13. Bg2 Kc7 14. Bd2 Bd7 15. Nc3 a6 16. Ne4 Be7 17. O-O f5 18. Nd6 Bxd6 19. cxd6+ Kxd6 20. Rxb7 Rab8 21. Bf4+ e5 22. Rd1+ Nd4 23. Rxd4+ Ke6 24. Rdxd7 Rxb7 25. Rxb7 exf4 26. gxf4 Rc8 27. Rb6+ Kf7 28. c4 Ke7 29. Bd5 1-0

[Event "*** Titled Tuesday Blitz"]
[Site "Chess.com"]
[Date "2021.03.30"]
[Round "4"]
[White "crazy_but_lazy"]
[Black "VladimirBugayev"]
[Result "0-1"]
[WhiteElo "2447"]
[BlackElo "2298"]
[TimeControl "180+1"]
[EndTime "10:38:02 PDT"]
[Termination "VladimirBugayev won by resignation"]

1. d4 Nf6 2. c4 c5 3. d5 b5 4. Nd2 b4 5. e4 d6 6. Ngf3 g6 7. a4 Bg7 8. Bd3 O-O 9. O-O e5 10. b3 a5 11. Bb2 Nh5 12. Re1 Ra7 13. Nf1 f5 14. exf5 gxf5 15. Nxe5 Nf4 16. Nc6 Nxc6 17. Bxg7 Rxg7 18. dxc6 Nh3+ 19. Kh1 Nxf2+ 20. Kg1 Nxd1 21. Raxd1 Qc7 22. Be2 Qxc6 23. Bf3 Qc7 24. Ne3 Bb7 25. Nd5 Bxd5 26. Bxd5+ Kh8 27. Re6 Qd7 28. Rde1 f4 29.
Kf2 Qd8 30. Rh6 Qg5 31. Ree6 f3 32. Bxf3 Qxg2+ 33. Ke1 Rxf3 34. Re8+ Rg8 35. Rhe6 0-1

[Event "*** Titled Tuesday Blitz"]
[Site "Chess.com"]
[Date "2021.03.30"]
[Round "4"]
[White "Msb2"]
[Black "biostatistician"]
[Result "1-0"]
[WhiteElo "2906"]
[BlackElo "2546"]
[TimeControl "180+1"]
[EndTime "10:38:03 PDT"]
[Termination "Msb2 won by resignation"]

1. d4 Nf6 2. Nf3 g6 3. Nc3 d5 4. Bf4 Bf5 5. e3 Nc6 6. Bd3 Bxd3 7.
cxd3 Bg7 8. h3 O-O 9. O-O Rc8 10. Rc1 e6 11. Bh2 Ne8 12. Qb3 Rb8 13. Rc2 Nd6 14. Rfc1 Qd7 15. Na4 Na5 16. Qb4 Nc6 17. Qa3 Nb5 18.
Qb3 Nd6 19. Nc5 Qc8 20. Qa3 Nb5 21. Qa4 Nd6 22. Nxb7 Qxb7 23. Qxc6 Qxc6 24. Rxc6 Rxb2 25. Rxc7 Nb5 26. R7c2 Rxc2 27. Rxc2 Ra8 28. a4 Na3 29.
Rc7 f6 30. Bd6 Bf8 31. Bxf8 Rxf8 32. Rxa7 Rb8 33. g4 Rb3 34. g5 fxg5 35. Nxg5 Rxd3 36. Nxe6 Nc4 37. Nf4 Rd1+ 38. Kg2 1-0

[Event "*** Titled Tuesday Blitz"]
[Site "Chess.com"]
[Date "2021.03.30"]
[Round "4"]
[White "Titus369"]
[Black "xozr"]
[Result "0-1"]
[WhiteElo "2518"]
[BlackElo "2339"]
[TimeControl "180+1"]
[EndTime "10:38:04 PDT"]
[Termination "xozr won by resignation"]

1. e4 c5 2. Nf3 Nc6 3. d4 cxd4 4. Nxd4 g6 5. c4 Bg7 6. Be3 Nf6 7. Nc3 O-O 8. Be2 d6 9. O-O Bd7 10. Qd2 Rc8 11.
Rfc1 Ne5 12. b3 Nfg4 13. Bf4 Qb6 14. Nd5 Qd8 15. Bxg4 Nxg4 16. f3 e6 17. Nc3 e5 18.
fxg4 exf4 19. Nd5 Bxg4 20. Rf1 f3 21. gxf3 Bh5 22. Kh1 Qh4 23. Rad1 Rfe8 24. Qg2 Be5 25. Rd3 Kh8 26. f4 Bxd4 27. Rxd4 f5 28. exf5 gxf5 29.
Rd2 Rg8 30. Qf2 Qh3 31. Qd4+ Rg7 32. Rg2 Rg8 33. Rgf2 Be2 34. Rg1 Bf3+ 35. Rgg2 Bxg2+ 36. Kg1 Bf3+ 37. Rg2 0-1

[Event "*** Titled Tuesday Blitz"]
[Site "Chess.com"]
[Date "2021.03.30"]
[Round "4"]
[White "davidkalashian"]
[Black "Sam_ChessMood"]
[Result "0-1"]
[WhiteElo "2544"]
[BlackElo "2863"]
[TimeControl "180+1"]
[EndTime "10:38:05 PDT"]
[Termination "Sam_ChessMood won on time"]

1. e4 c5 2. Nc3 d6 3. Nf3 Nf6 4. e5 dxe5 5. Nxe5 Nbd7 6. Nc4 Nb6 7. Nxb6 axb6 8. Bb5+ Bd7 9. O-O e6 10. Qf3 Qc8 11.
d3 Be7 12. Bg5 O-O 13. Rfe1 Re8 14. a4 Bc6 15. Qg3 Qd7 16. h3 Nd5 17. Bh6 Bf6 18. Ne4 Bxb2 19. c3 f5 20. Nd6 Bxc3 21. Nxe8 Rxe8 22.
Rac1 Bxe1 23. Rxe1 Kh8 24. Bxc6 bxc6 25. d4 gxh6 26. Qe5+ Qg7 27. dxc5 Qxe5 0-1

[Event "*** Titled Tuesday Blitz"]
[Site "Chess.com"]
[Date "2021.03.30"]
[Round "4"]
[White "Pelopidass"]
[Black "BJthechessgod"]
[Result "1-0"]
[WhiteElo "2574"]
[BlackElo "2326"]
[TimeControl "180+1"]
[EndTime "10:38:05 PDT"]
[Termination "Pelopidass won by checkmate"]

1. Nf3 c5 2. g3 Nc6 3. Bg2 g6 4. O-O Bg7 5. d3 d6 6. e4 Nf6 7. Nc3 O-O 8. h3 Rb8 9. Be3 b5 10. Qd2 b4 11. Ne2 Nd7 12. Rab1 Ba6 13.
Bh6 Nde5 14. Bxg7 Nxf3+ 15. Bxf3 Kxg7 16. Bg2 Bc8 17. f4 e5 18. c3 a5 19. Kh2 f6 20. d4 cxd4 21. cxd4 Ba6 22. Rfc1 Rc8 23.
d5 Ne7 24. Ng1 Qb6 25. Nf3 Rxc1 26. Rxc1 Rc8 27. fxe5 fxe5 28. Ng5 Rxc1 29. Ne6+ Kf7 30. Qxc1 Bc8 31. Qf1+ Ke8 32. Qf8+ Kd7 33. h4 h5 34. Kh1 Qe3 35. Qd8# 1-0

[Event "*** Titled Tuesday Blitz"]
[Site "Chess.com"]
[Date "2021.03.30"]
[Round "4"]
[White "gatocorbis"]
[Black "Nemsko"]
[Result "0-1"]
[WhiteElo "2089"]
[BlackElo "2327"]
[TimeControl "180+1"]
[EndTime "10:38:05 PDT"]
[Termination "Nemsko won on time"]

1. d4 Nf6 2. c4 g6 3. Nc3 d5 4. cxd5 Nxd5 5. Nf3 Bg7 6. h4 h5 7. g3 O-O 8. Bg5 c6 9. Bg2 Na6 10. Qd2 Nac7 11. Bh6 b5 12. Bxg7 Kxg7 13. Ne5 Bb7 14. g4 f6 15. Nxg6 Kxg6 16. Be4+ Kf7 17. gxh5 Ke8 18. Bg6+ Kd7 19. e4 Nxc3 20. bxc3 e6 21. O-O-O Qe7 22. d5 cxd5 23. exd5 Bxd5 24. Be4 Qa3+ 25. Kb1 Ke7 26. h6 Rad8 27. Qf4 Bxa2+ 28.
Kc2 Qb3+ 29. Kc1 Qxc3+ 30. Bc2 Qa1+ 0-1

[Event "*** Titled Tuesday Blitz"]
[Site "Chess.com"]
[Date "2021.03.30"]
[Round "4"]
[White "Tactictic"]
[Black "annacramling"]
[Result "1-0"]
[WhiteElo "2385"]
[BlackElo "2084"]
[TimeControl "180+1"]
[EndTime "10:38:06 PDT"]
[Termination "Tactictic won by resignation"]

1. e4 c5 2. Nf3 Nc6 3. d4 cxd4 4. Nxd4 Nf6 5. Nc3 e6 6. Ndb5 a6 7. Nd6+ Bxd6 8. Qxd6 Qe7 9. Bf4 O-O 10. O-O-O Qxd6 11.
Bxd6 Re8 12. Be2 b5 13. e5 b4 14. exf6 bxc3 15. bxc3 gxf6 16. g4 Bb7 17. g5 f5 18.
h4 Rac8 19. Rhg1 Na5 20. Bb4 Nc4 21. Bxc4 Rxc4 22. Rxd7 Bd5 23. h5 Rg4 24. Rxg4 fxg4 25. a4 Rc8 26. a5 Bc6 27. Rd6 Bb5 28. Kd2 Kg7 29. Ke3 h6 30. Kf4 hxg5+ 31. Kxg5 Rg8 32.
Bc5 Kh7+ 33. Kh4 Kh6 34. Be3+ Kh7 35. Rd4 f5 36. c4 Be8 37. Rd6 Rg7 38. c5 Bf7 39.
Rd7 Kg8 40. Bd4 Rh7 41. Rd8+ Be8 42. Rxe8+ Kf7 43. Rc8 f4 44. Rc7+ Kg8 45. Rxh7 Kxh7 46. Kxg4 1-0